 Dungeon Crawl Stone Soup version 0.28.0-45-g0d030f2227 (webtiles) character file.

Game seed: 193616407810132197

2480 MisterFreud the Covert (level 9, -3/74 HPs)
             Began as a Gnoll Delver on May 27, 2022.
             Slain by a killer bee (8 damage)
             ... on level 7 of the Dungeon.
             The game lasted 00:15:23 (11049 turns).

MisterFreud the Covert (Gnoll Delver)              Turns: 11049, Time: 00:15:24

Health: -3/74      AC:  5    Str: 13    XL:     9   Next: 51%
Magic:  15/15      EV: 14    Int: 13    God:
Gold:   311        SH:  0    Dex: 13    Spells: 16/16 levels left

rFire   . . .      SeeInvis .   a - +1 dagger (venom)
rCold   . . .      Faith    .   (no shield)
rNeg    . . .      Spirit   .   g - +0 leather armour
rPois   .          Reflect  .   (no helmet)
rElec   .          Harm     .   (no cloak)
rCorr   .          Rampage  .   (no gloves)
Will    +....                   p - +1 pair of boots
Stlth   ++++......              C - amulet of the acrobat
HPRegen 0.22/turn               x - ring of willpower
MPRegen 0.14/turn               (no ring)

@: lethally poisoned (-3 -> -15)
A: fangs 1, strong nose, distributed training
a: no special abilities


You were on level 7 of the Dungeon.
You visited 2 branches of the dungeon, and saw 8 of its levels.

You collected 443 gold pieces.
You spent 132 gold pieces at shops.

Inventory:

Hand Weapons
 a - a +1 dagger of venom (weapon)
 b - the +3 fustibalus of the Skies Above {freeze, Int+4}
   (You acquired it on level 2 of the Dungeon)

   Any ammunition fired from it freezes those it strikes, dealing additional
   cold damage.
   It can also slow down cold-blooded creatures.
   Int:       It affects your intelligence (+4).
 u - a +1 short sword
 z - a +0 short sword of speed
Missiles
 i - 251 stones (quivered)
 j - 54 sling bullets
 m - 3 boomerangs
 y - 5 javelins
Armour
 g - a +0 leather armour (worn)
 p - a +1 pair of boots (worn)
Jewellery
 x - a ring of willpower (left hand)
 A - an amulet of regeneration
 C - an amulet of the acrobat (around neck)
Wands
 t - a wand of acid (9)
Scrolls
 c - 2 scrolls of fog
 d - 2 scrolls of magic mapping
 e - 4 scrolls of fear
 f - 4 scrolls of teleportation
 n - a scroll of enchant weapon
Potions
 h - 2 potions of curing
 k - 3 potions of brilliance
 l - 2 potions of heal wounds {unknown}
 o - a potion of haste
 q - 2 potions of magic
 r - a potion of ambrosia {unknown}
 s - a potion of invisibility {unknown}
 v - 2 potions of flight {unknown}
 w - a potion of attraction {unknown}
 B - 2 potions of degeneration


   Skills:
 + Level 7.9 Fighting
 + Level 6.3 Short Blades
 + Level 4.3 Long Blades
 + Level 4.3 Axes
 + Level 4.3 Maces & Flails
 + Level 4.3 Polearms
 + Level 4.3 Staves
 + Level 4.3 Slings
 + Level 4.3 Bows
 + Level 4.3 Crossbows
 + Level 4.3 Throwing
 + Level 4.3 Armour
 + Level 6.3 Dodging
 + Level 10.5 Stealth
 + Level 4.3 Shields
 + Level 4.3 Unarmed Combat
 + Level 4.3 Spellcasting
 + Level 3.5 Conjurations
 + Level 3.5 Hexes
 + Level 3.5 Summonings
 + Level 3.5 Necromancy
 + Level 3.5 Translocations
 + Level 3.5 Transmutations
 + Level 3.5 Fire Magic
 + Level 3.5 Ice Magic
 + Level 3.5 Air Magic
 + Level 3.5 Earth Magic
 + Level 3.5 Poison Magic
 + Level 4.7 Invocations
 + Level 4.3 Evocations


You had 16 spell levels left.
You didn't know any spells.
Your spell library contained the following spells:

 Spells                   Type           Power      Damage    Failure   Level
 Magic Dart               Conj           48%        1d5       6%          1
 Call Imp                 Summ           12%        N/A       9%          2
 Ensorcelled Hibernation  Hex/Ice        24%        N/A       9%          2
 Passwall                 Tmut/Erth      10%        N/A       9%          2
 Sublimation of Blood     Necr           12%        N/A       9%          2
 Wereblood                Tmut           12%        N/A       9%          2
 Gell's Gravitas          Tloc           12%        N/A       17%         3
 Mephitic Cloud           Conj/Pois/Air  12%        N/A       17%         3
 Swiftness                Air            12%        N/A       17%         3
 Teleport Other           Tloc           12%        N/A       17%         3
 Dispersal                Tloc           6%         N/A       100%        6
 Summon Hydra             Summ           6%         N/A       100%        7


Dungeon Overview and Level Annotations

Branches:
Dungeon (7/15)             Temple (1/1) D:6

Altars:
Cheibriados
Dithmenos
Elyvilon
Fedhas
Gozag
Hepliaklqana
Kikubaaqudgha
Makhleb
Nemelex Xobeh
Okawaru
Qazlal
Sif Muna
Trog
Uskayaw
Vehumet
Wu Jian
Xom
Yredelemnul
Zin
The Shining One

Shops:
D:2 [*(


Innate Abilities, Weirdness & Mutations

You have very sharp teeth.
Your uncanny sense of smell can sniff out nearby items.
Your experience applies equally to all skills.


Message History

You hit the killer bee but do no damage.
The killer bee is poisoned.
Your punch misses the killer bee. The killer bee barely misses you.
You hit the killer bee.
The killer bee looks as sick as possible!
The killer bee is moderately wounded.
The killer bee misses you. The killer bee closely misses you.
You closely miss the killer bee.
The killer bee is moderately wounded.
The killer bee stings you.
You are poisoned.
The killer bee poisons you!
You hit the killer bee.
The killer bee is severely wounded.
You feel sick.
You kill the killer bee!
You are too injured to fight recklessly!
You miss the killer bee.
You feel sick. The killer bee stings you!
You are more poisoned.
The killer bee poisons you! The killer bee stings you.
You are more poisoned.
The killer bee poisons you!
You are too injured to fight recklessly!
You barely miss the killer bee. Your bite misses the killer bee.
You feel very sick. The killer bee stings you!
* * * LOW HITPOINT WARNING * * *
You are too injured to fight recklessly!
You miss the killer bee.
* * * LOW HITPOINT WARNING * * *
You feel very sick. The killer bee stings you.
* * * LOW HITPOINT WARNING * * *
You barely miss the killer bee. You bite the killer bee.
The killer bee is lightly wounded.
* * * LOW HITPOINT WARNING * * *
You feel sick. The killer bee stings you.
* * * LOW HITPOINT WARNING * * *
The killer bee stings you!
You die...

#..###<......## ###.#......#
#..#.........## #.#.(....#
#.#..........# #........#
#............### #.(......#
#.............####........#
##.........##.#............
########........###........#####.
...#.....#.....###...###..## #.
................@y.#.#....## ##
.........###########...#.(.#
.................##...##.#.######
.........######.......#.(........
........## #.....|......####.####
...#.....#######..####..##.....##
########...######## #..#.......#
###......#######.#.......#
###############.....###....._....


You could see a killer bee.

Vanquished Creatures
  Sigmund (D:4)
  A wraith (D:7)
  2 steam dragons
  An orc warrior (D:7)
  A black bear (D:7)
  A necrophage (D:7)
  An ogre (D:4)
  A centaur (D:4)
  2 phantoms
  Blork the orc (D:5)
  A bullfrog (D:4)
  A water moccasin zombie (D:6)
  A scorpion (D:6)
  3 killer bees (D:7)
  4 wights (D:6)
  A centaur zombie (D:7)
  3 centaur skeletons
  2 bullfrog zombies (D:6)
  3 bullfrog skeletons
  A gnoll shaman (D:6)
  2 orc priests (D:2)
  4 iguanas
  4 orc wizards
  A killer bee zombie (D:6)
  12 gnolls
  4 adders
  A shadow imp (D:6)
  3 ufetubi
  2 adder skeletons (D:4)
  A worm (D:2)
  3 dart slugs (D:2)
  13 orcs
  3 ball pythons
  3 bats
  3 bat zombies (D:7)
  5 endoplasms
  A giant cockroach (D:1)
  4 hobgoblins
  4 jackals
  13 kobolds
  2 quokkas
  5 frilled lizards
  8 goblins
  5 rats
  A rat zombie (D:7)
139 creatures vanquished.

Vanquished Creatures (others)
  12 plants (D:5)
12 creatures vanquished.

Grand Total: 151 creatures vanquished

Notes
Turn   | Place    | Note
-------+----------+-------------------------------------------
     0 | D:5      | Reached skill level 9 in Stealth
     0 | D:5      | MisterFreud the Gnoll Delver began the quest for the Orb.
     0 | D:5      | Reached XP level 1. HP: 23/23 MP: 1/1
     1 | D:6      | Noticed a wight
     1 | D:6      | Noticed a wight
     1 | D:6      | Noticed a wight
     1 | D:6      | Noticed a wight
    23 | D:5      | Noticed an orc wizard
    69 | D:5      | Noticed an iguana
   452 | D:4      | Reached XP level 2. HP: 11/29 MP: 1/3
   452 | D:4      | Reached XP level 3. HP: 14/35 MP: 1/4
   691 | D:4      | Reached skill level 1 in Invocations
   693 | D:4      | Reached skill level 1 in Long Blades
   693 | D:4      | Reached skill level 1 in Axes
   693 | D:4      | Reached skill level 1 in Maces & Flails
   693 | D:4      | Reached skill level 1 in Polearms
   693 | D:4      | Reached skill level 1 in Staves
   693 | D:4      | Reached skill level 1 in Slings
   693 | D:4      | Reached skill level 1 in Bows
   693 | D:4      | Reached skill level 1 in Crossbows
   693 | D:4      | Reached skill level 1 in Throwing
   693 | D:4      | Reached skill level 1 in Armour
   693 | D:4      | Reached skill level 1 in Shields
   693 | D:4      | Reached skill level 1 in Unarmed Combat
   693 | D:4      | Reached skill level 1 in Spellcasting
   693 | D:4      | Reached skill level 1 in Evocations
   699 | D:4      | Reached XP level 4. HP: 8/41 MP: 5/5
   972 | D:5      | Noticed a steam dragon
   979 | D:5      | Killed a steam dragon
   980 | D:5      | Reached skill level 1 in Conjurations
   980 | D:5      | Reached skill level 1 in Hexes
   980 | D:5      | Reached skill level 1 in Summonings
   980 | D:5      | Reached skill level 1 in Necromancy
   980 | D:5      | Reached skill level 1 in Translocations
   980 | D:5      | Reached skill level 1 in Transmutations
   980 | D:5      | Reached skill level 1 in Fire Magic
   980 | D:5      | Reached skill level 1 in Ice Magic
   980 | D:5      | Reached skill level 1 in Air Magic
   980 | D:5      | Reached skill level 1 in Earth Magic
   980 | D:5      | Reached skill level 1 in Poison Magic
   980 | D:5      | Reached XP level 5. HP: 47/47 MP: 5/7
  1050 | D:4      | Noticed an ogre
  1057 | D:4      | Killed an ogre
  1058 | D:4      | Reached XP level 6. HP: 53/53 MP: 8/8
  1167 | D:4      | Reached skill level 5 in Short Blades
  1167 | D:4      | Reached skill level 5 in Dodging
  1457 | D:4      | Noticed Sigmund
  1583 | D:4      | Found an iron altar of Okawaru.
  2318 | D:2      | Found Wyugep's Weapon Boutique.
  2329 | D:2      | Reached XP level 7. HP: 59/59 MP: 10/10
  3194 | D:2      | Found a faded altar of an unknown god.
  3231 | D:2      | Found Satsair's Armour Boutique.
  3335 | D:2      | Found Nysa's Assorted Antiques.
  3343 | D:2      | Bought a blue potion for 15 gold pieces
  3343 | D:2      | Bought a glowing short sword for 102 gold pieces
  3343 | D:2      | Bought a lumpy orange potion for 15 gold pieces
  3858 | D:2      | Identified a scroll of acquirement
  3858 | D:2      | Acquired the +3 fustibalus of the Skies Above {freeze,
                  | Int+4}
  4592 | D:3      | Found a snail-covered altar of Cheibriados.
  5190 | D:4      | Reached skill level 10 in Stealth
  5890 | D:5      | Reached XP level 8. HP: 67/67 MP: 12/12
  5936 | D:5      | Identified the +1 robe of a treasure trove {rF+ rCorr Str+3
                  | Int-5}
  6211 | D:5      | Noticed Blork the orc
  6217 | D:5      | Killed Blork the orc
  7658 | D:6      | Found a staircase to the Ecumenical Temple.
  7667 | Temple   | Entered the Ecumenical Temple
  7824 | D:6      | Found an opulent altar of Gozag.
  8348 | D:6      | Found a glowing golden altar of the Shining One.
  8790 | D:7      | Reached XP level 9. HP: 26/72 MP: 14/14
  9152 | D:7      | Found a sparkling altar of Nemelex Xobeh.
  9153 | D:7      | Found a basalt altar of Yredelemnul.
  9205 | D:7      | Found a radiant altar of Vehumet.
  9534 | D:7      | HP: 3/73 [killer bee (7)]
 10043 | D:4      | Killed Sigmund
 10692 | D:7      | Found an ancient bone altar of Kikubaaqudgha.
 10827 | D:7      | Found an ornate altar of the Wu Jian Council.
 11049 | D:7      | Slain by a killer bee

Illustrated notes

Levels and vault maps discovered:
D:1:      mrwooster_arrival_statue_2, layout_basic, minmay_pentomino_x4
D:2:      layout_basic, serial_glass, glass_columns_a, glass_columns_c,
          basic_ecumenical_altar, serial_shops, nicolae_shop_stone,
          nicolae_shop_bloodbath_and_beyond, shop
D:3:      layout_basic, mainiacjoe_overflow_tiny_flanked
D:4:      layout_basic, okawaru_altar_gauntlet_db, uniq_sigmund
D:5:      minmay_evil_eye, layout_loops_ring, chequers_big_river,
          uniq_blork_the_orc
D:6:      layout_gridville, amcnicky_altar_gilded, grunt_gozag_statues,
          minmay_temple_entry_butterflies, ebering_dispersal_statue_hall
D:7:      layout_rooms, old_standard_altar, nicolae_overflow_hidden_temple,
          lemuel_zombie_altar_kikubaaqudgha, nzn_wu_jian_council_hall,
          enter_bailey_4
Temple:   jpeg_temple_clearing

Skill      XL: |  1  2  3  4  5  6  7  8  9 |
---------------+----------------------------+-----
Stealth        | 10 | 10.5
Invocations    | 1 2 3 4 |  4.7
Long Blades    | 1 2 3 4 |  4.3
Axes           | 1 2 3 4 |  4.3
Maces & Flails | 1 2 3 4 |  4.3
Polearms       | 1 2 3 4 |  4.3
Staves         | 1 2 3 4 |  4.3
Slings         | 1 2 3 4 |  4.3
Bows           | 1 2 3 4 |  4.3
Crossbows      | 1 2 3 4 |  4.3
Throwing       | 1 2 3 4 |  4.3
Armour         | 1 2 3 4 |  4.3
Shields        | 1 2 3 4 |  4.3
Unarmed Combat | 1 2 3 4 |  4.3
Spellcasting   | 1 2 3 4 |  4.3
Evocations     | 1 2 3 4 |  4.3
Conjurations   | 1 2 3 |  3.5
Hexes          | 1 2 3 |  3.5
Summonings     | 1 2 3 |  3.5
Necromancy     | 1 2 3 |  3.5
Translocations | 1 2 3 |  3.5
Transmutations | 1 2 3 |  3.5
Fire Magic     | 1 2 3 |  3.5
Ice Magic      | 1 2 3 |  3.5
Air Magic      | 1 2 3 |  3.5
Earth Magic    | 1 2 3 |  3.5
Poison Magic   | 1 2 3 |  3.5
Short Blades   | 5 6 |  6.3
Dodging        | 5 6 |  6.3
Fighting       | 7 |  7.9

Action                   |  1- 3 |  4- 6 |  7- 9 || total
-------------------------+-------+-------+-------++-------
Melee: Short sword       |    27 |   109 |   273 ||   409
       Bite              |     2 |    13 |    48 ||    63
       Punch             |       |     4 |     7 ||    11
       Dagger            |       |       |    77 ||    77
 Fire: Fustibalus        |       |       |   236 ||   236
Evoke: Wand              |     2 |     1 |       ||     3
  Use: Potion            |     1 |       |     3 ||     4
       Scroll            |     2 |       |    15 ||    17
 Stab: Sleeping          |       |     4 |    15 ||    19
       Distracted        |       |     1 |     1 ||     2
Armor: Leather armour    |     7 |    18 |    72 ||    97
Dodge: Dodged            |    27 |   106 |   277 ||   410
